 Dungeon Crawl Stone Soup version 0.28.0-47-ge53b351184 (webtiles) character file.

Game seed: 8218798648982344294

340 101zpm the Chiller (level 6, -1/41 HPs)
             Began as a Demonspawn Ice Elementalist on Apr 25, 2022.
             Slain by a kobold brigand
             ... wielding a +0 whip
              (3 damage)
             ... on level 5 of the Dungeon.
             The game lasted 00:11:32 (5404 turns).

101zpm the Chiller (Demonspawn Ice Elementalist)    Turns: 5404, Time: 00:11:33

Health: -1/41      AC:  2    Str:  9    XL:     6   Next: 30%
Magic:  4/21       EV: 12    Int: 18    God:
Gold:   169        SH:  0    Dex: 13    Spells: 3/14 levels left

rFire   . . .      SeeInvis .   (no weapon)
rCold   . . .      Faith    .   (no shield)
rNeg    . . .      Spirit   .   a - +0 robe
rPois   .          Reflect  .   (helmet restricted)
rElec   .          Harm     .   (no cloak)
rCorr   .          Rampage  .   (no gloves)
Will    .....                   (no boots)
Stlth   ++........              (no amulet)
HPRegen 0.13/turn               d - ring of magical power
MPRegen 0.17/turn               p - ring of wizardry

@: freezing walls, slowed, very slow
A: antennae 2, powered by pain 1
a: no special abilities


You were on level 5 of the Dungeon.
You visited 1 branch of the dungeon, and saw 5 of its levels.

You collected 169 gold pieces.

Inventory:

Armour
 a - a +0 robe (worn)
Jewellery
 d - a ring of magical power (left hand)
 p - a ring of wizardry (right hand)
Wands
 i - a wand of polymorph (8)
Scrolls
 c - a scroll of teleportation {unknown}
 h - a scroll of torment {unknown}
 j - a scroll of blinking {unknown}
 n - a scroll of identify {unknown}
Potions
 b - 2 potions of degeneration {unknown}
 e - a potion of lignification {unknown}
 f - 3 potions of curing
 g - a potion of brilliance {unknown}
 k - a potion of invisibility {unknown}
 l - 2 potions of might {unknown}
 m - a potion of resistance
 o - 2 potions of heal wounds {unknown}


   Skills:
 + Level 0.3 Fighting
 + Level 2.0 Dodging
 + Level 2.2 Stealth
 + Level 4.6 Spellcasting
 + Level 5.1 Ice Magic


You had 3 spell levels left.
You knew the following spells:

 Your Spells              Type           Power      Damage    Failure   Level
a - Freeze                Ice            88%        1d10      1%          1
b - Frozen Ramparts       Ice            44%        1d6       1%          3
c - Ozocubu's Armour      Ice            22%        N/A       1%          3
d - Hailstorm             Conj/Ice       13%        3d5       19%         4

Your spell library contained the following spells:

 Spells                   Type           Power      Damage    Failure   Level
 Call Canine Familiar     Summ           4%         N/A       16%         3
 Gell's Gravitas          Tloc           4%         N/A       16%         3
 Portal Projectile        Hex/Tloc       8%         N/A       16%         3
 Teleport Other           Tloc           4%         N/A       16%         3
 Leda's Liquefaction      Hex/Erth       2%         N/A       45%         4
 Dispersal                Tloc           2%         N/A       100%        6


Dungeon Overview and Level Annotations

Branches:
Dungeon (5/15)
 Temple: D:4-7

Altars:


Innate Abilities, Weirdness & Mutations

You have a pair of antennae on your head.
You sometimes gain a little power by taking damage.


Message History

* * * LOW HITPOINT WARNING * * *
You feel very sick.
A nearby plant withers and dies.
The kobold hits the plant with a +3 dagger.
The plant begins to die.
The kobold hits the plant with a +0 whip.
The plant begins to die.
Things that are here:
a +0 short sword; a stone; a kobold corpse
* * * LOW HITPOINT WARNING * * *
You feel very sick.
The kobold hits the plant with a +3 dagger.
The kobold hits the plant with a +0 short sword.
The kobold hits the plant with a +0 whip.
The kobold hits the plant with a +0 short sword.
The kobold hits the plant with a +3 dagger.
The kobold hits the plant with a +0 short sword.
It was a potion of curing.
You feel better.
A nearby plant withers and dies. x2
Casting: Frozen Ramparts (safe; 1% risk of failure)
Confirm with . or Enter, or press ? or * to list all spells.
Casting: Frozen Ramparts (safe; 1% risk of failure)
Press: ? - help, Dir - look around, f - activate The walls around you are covered in ice.
The wall freezes the kobold brigand.
The kobold brigand completely misses you.
The kobold hits the plant with a +0 short sword.
The wall freezes the kobold brigand.
Aiming: Freeze (safe; 1% risk of failure)
Press: ? - help, Q - select action, (/) - cycle Shift-Dir - straight line, f - kobold
Aim: a kobold, wielding a +0 whip You freeze the kobold.
The kobold is severely wounded.
A nearby plant withers and dies.
The wall freezes the kobold brigand.
The kobold brigand hits you with a +0 whip.
* * * LOW HITPOINT WARNING * * *
The kobold hits you with a +0 whip.
* * * LOW HITPOINT WARNING * * *
The wall freezes the kobold brigand.
The kobold brigand hits you with a +0 whip.
You die...

.# ##.## .# #.# ### ###
## #####.#####
#.####..##.# #........#
#.#.. .....#
#.##..##.###.#.##......
# ##.##...#.#.....#
#.##.......)...#
.....#♣♣####♣.♣## ##.##
#PK@.# ###


##PKKP# ##.KKP## ##..)♣P# #.))..## #.♣).)## #..♣.## ..♣.♣.. ♣. . ... You could
see a kobold brigand and 4 kobolds.

Vanquished Creatures
  A sky beast (D:5)
  A hound (D:5)
  A jelly (D:5)
  Jessica (D:2)
  Natasha (twice) (D:2)
  An adder (D:3)
  A worm (D:2)
  4 dart slugs
  5 orcs
  5 ball pythons
  4 bats
  9 endoplasms
  A giant cockroach (D:1)
  4 goblins
  7 hobgoblins
  7 jackals (D:2)
  2 quokkas
  6 frilled lizards
  21 kobolds
  6 rats
89 creatures vanquished.

Vanquished Creatures (others)
  2 fungi (D:2)
  20 plants
22 creatures vanquished.

Grand Total: 111 creatures vanquished

Notes
Turn   | Place    | Note
-------+----------+-------------------------------------------
     0 | D:1      | 101zpm the Demonspawn Ice Elementalist began the quest for
                  | the Orb.
     0 | D:1      | Reached XP level 1. HP: 13/13 MP: 3/3
   689 | D:1      | Discovered your monstrous ancestry.
   689 | D:1      | Gained mutation: You have a pair of small antennae on your
                  | head. [demonic ancestry]
   689 | D:1      | Reached XP level 2. HP: 16/19 MP: 0/5
   879 | D:1      | Reached skill level 4 in Ice Magic
  2035 | D:2      | Noticed Jessica
  2050 | D:2      | Reached XP level 3. HP: 19/24 MP: 1/6
  2099 | D:2      | Learned a level 3 spell: Frozen Ramparts
  2298 | D:2      | Found a faded altar of an unknown god.
  2350 | D:2      | Noticed Natasha
  2373 | D:2      | Killed Natasha
  2956 | D:2      | Gained mutation: You sometimes gain a little power by
                  | taking damage. [demonic ancestry]
  2956 | D:2      | Reached XP level 4. HP: 30/30 MP: 4/8
  3075 | D:2      | Killed Jessica
  3361 | D:2      | Noticed Natasha
  3371 | D:2      | Killed Natasha
  3973 | D:3      | Gained mutation: You have a pair of antennae on your head.
                  | [demonic ancestry]
  3973 | D:3      | Reached XP level 5. HP: 35/35 MP: 5/10
  4791 | D:4      | Noticed an ogre
  4803 | D:5      | Entered Level 5 of the Dungeon
  5125 | D:5      | Noticed a sky beast
  5140 | D:5      | Killed a sky beast
  5141 | D:5      | Reached skill level 5 in Ice Magic
  5141 | D:5      | Reached XP level 6. HP: 41/41 MP: 9/12
  5212 | D:5      | Learned a level 3 spell: Ozocubu's Armour
  5304 | D:5      | Noticed a wraith
  5322 | D:5      | Learned a level 4 spell: Hailstorm
  5401 | D:5      | HP: 1/41 [poisoned by a kobold brigand (curare-tipped
                  | dart)]
  5404 | D:5      | Slain by a kobold brigand

Illustrated notes

Levels and vault maps discovered:
D:1:      dpeg_arrival_circle_labyrinth_a, layout_basic
D:2:      minmay_skewed_foursquare, layout_basic,
          shapermc_ecumenical_altar_hornbeckon, minmay_misc_feat_more_columns,
          hangedman_decor_peaks_small, serial_park_tiny_pond,
          chequers_serial_rivers_large_b, chequers_serial_rivers_large_a,
          minmay_fountain_box, minmay_unequal, uniq_jessica, uniq_natasha
D:3:      kennysheep_six_static_rooms, layout_basic,
          ebering_dispersal_statue_hall
D:4:      layout_cave_pools, serial_shops, shop
D:5:      kennysheep_kobold_camp, layout_loops_corners,
          minmay_temple_entry_poolview

Skill      XL: |  1  2  3  4  5 |
---------------+----------------+-----
Ice Magic      | 4 5 |  5.1
Stealth        | 2 |  2.2
Spellcasting   | 3 4 |  4.6
Dodging        | 2 |  2.0
Fighting       | |  0.3

Action                   |  1- 3 |  4- 6 || total
-------------------------+-------+-------++-------
Melee: Unarmed           |     4 |     3 ||     7
 Cast: Freeze            |    60 |    76 ||   136
       Frozen Ramparts   |     2 |     7 ||     9
  Use: Potion            |       |     1 ||     1
Armor: Robe              |     7 |     9 ||    16
Dodge: Dodged            |    41 |    36 ||    77
